Map: Galactic Process LE

Players

Elazer - Winner!

  • Race: Zerg Zerg
  • League: Master

ShoWTimE

  • Race: Protoss Protoss
  • League: Master

Event: DreamHack ZOWIE Open Valencia 2016

VOD

Have the link to the VOD?

Description

Time

  • Played on: July 15, 2016, 10:02 a.m.
  • Length: 12:47

All games in this series

Show
View Real Time Build Order
Export as new Build Order

Elazer Zerg - Winner!

Build Orders: Hatch First, Lurkers 

Get SALT Encoding   

  12  0:00  Drone  
  13  0:12  Overlord  
  13  0:16  Drone  
  14  0:30  Drone x2  
  14  0:34  Drone  
  17  0:55  Drone  
  17  0:56  Hatchery  
  17  0:58  Drone  
  18  1:08  Extractor  
  17  1:12  Spawning Pool  
  17  1:16  Drone  
  17  1:19  Drone  
  18  1:28  Drone  
  19  1:38  Overlord  
  19  1:49  Drone  
  20  1:59  Queen  
  20  2:00  Drone  
  23  2:07  Queen  
  25  2:09  Metabolic Boost  
  25  2:10  Zergling x2  
  25  2:11  Drone  
  27  2:19  Drone  
  27  2:22  Drone  
  29  2:32  Drone x2  
  31  2:42  Zergling x2  
  31  2:43  Hatchery  
  31  2:46  Queen  
  31  2:51  Drone  
  34  2:53  Zergling x2  
  34  2:54  Overlord  
  35  3:05  Drone  
  36  3:08  Overlord  
  36  3:14  Drone x2  
  36  3:15  Drone x2  
  40  3:20  Overlord  
  40  3:21  Drone  
  40  3:22  Drone  
  40  3:26  Queen  
  44  3:28  Drone  
  44  3:31  Drone  
  46  3:41  Drone  
  46  3:42  Drone  
  46  3:46  Overlord  
  46  3:47  Zergling x4  
  50  3:53  Drone  
  52  3:55  Drone x2  
  52  3:56  Drone  
  52  3:58  Drone x2, Queen  
  58  4:04  Queen  
  58  4:06  Overlord  
  58  4:07  Drone  
  60  4:13  Drone  
  60  4:14  Drone  
  60  4:15  Drone x2  
  60  4:16  Drone  
  61  4:28  Drone x4  
  61  4:29  Drone x2  
  61  4:31  Drone  
  65  4:35  Lair  
  65  4:40  Spore Crawler x2  
  65  4:42  Spore Crawler  
  65  4:44  Drone x3  
  65  4:48  Overlord  
  65  4:53  Overlord  
  65  4:56  Extractor  
  65  4:58  Evolution Chamber, Extractor  
  62  5:01  Drone x3  
  62  5:02  Overlord  
  62  5:06  Overlord  
  65  5:07  Drone x6  
  65  5:08  Drone  
  65  5:11  Extractor  
  71  5:18  Drone x3  
  71  5:25  Drone  
  71  5:26  Hatchery  
  71  5:28  Overlord  
  69  5:29  Zerg Missile Weapons Level 1  
  69  5:30  Drone  
  69  5:31  Drone  
  69  5:32  Drone x2  
  73  5:36  Extractor  
  73  5:37  Extractor  
  73  5:40  Drone x3, Hydralisk Den  
  73  5:41  Drone  
  74  5:43  Overlord  
  74  5:47  Drone x2  
  74  5:49  Drone  
  77  5:51  Drone  
  77  5:52  Drone x2  
  77  5:53  Drone  
  78  6:00  Drone x2  
  78  6:02  Drone  
  81  6:05  Drone  
  81  6:06  Drone  
  81  6:10  Overlord  
  83  6:13  Muscular Augments  
  83  6:16  Overlord  
  83  6:18  Hydralisk x4  
  83  6:25  Overlord x2  
  91  6:26  Hydralisk x2  
  91  6:31  Hydralisk x2  
  99  6:36  Overlord  
  99  6:39  Hydralisk x3  
  104  6:49  Drone, Roach Warren  
  104  6:50  Overlord  
  104  6:53  Hydralisk, Overlord  
  104  6:54  Hydralisk x3  
  111  7:04  Overseer  
  111  7:05  Overlord  
  111  7:06  Drone x8  
  119  7:13  Overlord  
  119  7:16  Overlord  
  119  7:21  Hydralisk x5  
  129  7:24  Zerg Missile Weapons Level 2  
  129  7:27  Lurker Den  
  129  7:31  Drone x4  
  129  7:34  Extractor, Overlord  
  129  7:36  Extractor  
  131  7:38  Hydralisk  
  131  7:39  Hydralisk  
  135  7:44  Zergling x10  
  135  7:45  Zergling x2  
  141  7:57  Overlord  
  142  7:58  Drone x3  
  142  7:59  Drone x3  
  142  8:03  Spine Crawler  
  145  8:06  Spine Crawler  
  145  8:10  Hydralisk x6, Overlord  
  156  8:17  Overlord  
  156  8:19  Zergling x14, Pneumatized Carapace  
  163  8:25  Hydralisk x2  
  160  8:34  Hydralisk  
  160  8:35  Hydralisk x4  
  160  8:39  Overlord  
  160  8:40  Hydralisk x2  
  171  8:49  Overlord  
  171  8:55  Lurker x4  
  172  8:56  Lurker x3  
  172  8:58  Zergling x18  
  172  9:00  Lurker  
  186  9:06  Lurker  
  186  9:09  Overlord  
  187  9:10  Zergling x18  
  187  9:16  Lurker x2  
  198  9:38  Lurker x2  
  198  9:39  Zergling x2  
  198  9:42  Zerg Ground Armor Level 1  
  198  9:44  Infestation Pit  
  198  9:58  Hatchery  
  198  9:59  Hydralisk  
  175  10:14  Hydralisk  
  175  10:15  Hydralisk x11  
  192  10:21  Hydralisk x4  
  192  10:28  Zergling x14  
  194  10:30  Hive  
  194  10:32  Spire  
  197  10:40  Hydralisk x5  
  180  10:49  Hydralisk x4  
  176  10:54  Overlord  
  176  10:55  Zergling x2, Hydralisk x2  
  176  10:56  Zergling x14  
  192  11:02  Hydralisk  
  192  11:03  Hydralisk x3  
  187  11:11  Hydralisk x3  
  187  11:15  Zergling x2  
  187  11:16  Zergling x10  
  187  11:17  Lurker  
  181  11:30  Lurker x3  
  176  11:34  Zergling x20  
  186  11:42  Overlord  
  186  11:47  Zergling x6  
  188  12:00  Hydralisk x4  
  188  12:01  Hydralisk x6  
  184  12:06  Overseer x2  
  178  12:13  Hydralisk x3  
  178  12:14  Hydralisk x2  
  162  12:17  Zergling x6  
  149  12:23  Extractor  
  149  12:25  Drone, Extractor  
  149  12:26  Drone x2  
  149  12:28  Drone x3  
Show
View Real Time Build Order
Export as new Build Order

ShoWTimE Protoss 

Build Orders: 1 Gate Expand, Phoenix Opening 

Get SALT Encoding   

  12  0:00  Probe (Chrono Boost)  
  13  0:11  Probe (Chrono Boost)  
  14  0:20  Pylon  
  14  0:22  Probe (Chrono Boost)  
  15  0:38  Probe (Chrono Boost)  
  16  0:44  Gateway  
  16  0:45  Assimilator  
  16  0:49  Probe (Chrono Boost)  
  17  0:59  Probe (Chrono Boost)  
  18  1:10  Probe (Chrono Boost)  
  19  1:23  Nexus  
  19  1:26  Probe (Chrono Boost)  
  20  1:36  Cybernetics Core  
  20  1:39  Probe (Chrono Boost)  
  21  1:44  Assimilator  
  21  1:49  Probe (Chrono Boost)  
  21  1:54  Pylon  
  22  2:00  Probe (Chrono Boost)  
  23  2:09  Adept  
  23  2:13  Warp Gate, Probe (Chrono Boost)  
  26  2:25  Probe (Chrono Boost)  
  27  2:34  Stargate  
  27  2:36  Adept, Probe (Chrono Boost)  
  29  2:37  Probe (Chrono Boost)  
  31  2:47  Probe (Chrono Boost)  
  31  2:51  Pylon  
  33  2:52  Probe (Chrono Boost)  
  33  2:58  Mothership Core (Chrono Boost)  
  35  3:01  Adept  
  35  3:04  Probe (Chrono Boost)  
  38  3:16  Probe x2 (Chrono Boost)  
  40  3:20  Phoenix  
  40  3:21  Gateway  
  40  3:26  Probe (Chrono Boost)  
  43  3:29  Probe (Chrono Boost)  
  44  3:35  Pylon  
  44  3:37  Probe (Chrono Boost)  
  44  3:41  Probe (Chrono Boost)  
  46  3:42  Phoenix  
  46  3:48  Probe (Chrono Boost)  
  49  3:53  Probe (Chrono Boost)  
  50  3:58  Probe (Chrono Boost)  
  51  4:05  Probe (Chrono Boost)  
  51  4:06  Nexus  
  51  4:09  Probe (Chrono Boost)  
  53  4:15  Phoenix  
  54  4:17  Probe (Chrono Boost)  
  54  4:19  Probe (Chrono Boost)  
  57  4:29  Probe (Chrono Boost), Gateway  
  57  4:30  Forge, Probe (Chrono Boost)  
  57  4:31  Assimilator  
  57  4:35  Assimilator  
  55  4:40  Phoenix  
  55  4:41  Probe x2 (Chrono Boost)  
  55  4:42  Pylon  
  59  4:52  Protoss Ground Weapons Level 1, Probe (Chrono Boost)  
  61  4:53  Probe (Chrono Boost)  
  61  5:01  Phoenix  
  61  5:02  Probe (Chrono Boost)  
  61  5:05  Probe (Chrono Boost)  
  65  5:11  Robotics Facility  
  65  5:13  Probe (Chrono Boost)  
  66  5:17  Probe (Chrono Boost)  
  66  5:19  Probe (Chrono Boost)  
  68  5:23  Probe (Chrono Boost)  
  68  5:26  Pylon  
  70  5:29  Probe (Chrono Boost)  
  70  5:30  Twilight Council, Probe (Chrono Boost)  
  70  5:34  Probe (Chrono Boost)  
  72  5:36  Assimilator  
  72  5:38  Sentry  
  72  5:40  Assimilator  
  72  5:41  Probe (Chrono Boost)  
  72  5:42  Probe (Chrono Boost)  
  76  5:43  Pylon x2  
  76  5:45  Probe (Chrono Boost)  
  76  5:46  Robotics Facility  
  77  5:51  Probe (Chrono Boost)  
  77  5:54  Charge, Probe (Chrono Boost)  
  77  5:55  Warp Prism  
  79  5:57  Probe (Chrono Boost)  
  79  6:02  Probe (Chrono Boost)  
  83  6:06  Probe (Chrono Boost)  
  83  6:07  Pylon  
  83  6:09  Probe (Chrono Boost)  
  83  6:11  Adept  
  87  6:15  Templar Archives  
  88  6:28  Observer  
  88  6:32  Gateway x2  
  88  6:35  Gateway  
  88  6:38  Gateway  
  88  6:40  Adept x2, Gateway  
  88  6:41  Pylon  
  88  6:42  Pylon  
  88  6:44  Psionic Storm, Immortal  
  95  6:49  Probe x2 (Chrono Boost)  
  96  6:58  Protoss Ground Weapons Level 2, Immortal  
  96  7:01  Pylon  
  100  7:04  Zealot  
  100  7:05  Zealot  
  104  7:14  High Templar  
  104  7:23  Immortal  
  104  7:24  High Templar  
  108  7:32  High Templar  
  110  7:39  High Templar  
  110  7:41  Zealot x3  
  122  7:44  Pylon, Immortal  
  122  7:53  Pylon  
  122  7:54  Pylon  
  122  8:03  Nexus, Immortal  
  122  8:04  Pylon  
  124  8:14  Zealot x5  
  124  8:15  Pylon  
  134  8:22  Photon Cannon  
  134  8:23  Immortal  
  138  8:32  Zealot, High Templar x2  
  140  8:38  Archon  
  140  8:41  Photon Cannon  
  138  8:42  Pylon, Immortal  
  137  8:54  High Templar x2  
  137  8:55  Zealot x2  
  139  9:00  Probe x2 (Chrono Boost)  
  143  9:02  Immortal  
  143  9:04  Photon Cannon  
  143  9:05  Photon Cannon  
  143  9:06  Archon  
  143  9:20  Zealot x2  
  143  9:21  Zealot, Immortal  
  149  9:35  Photon Cannon, High Templar x2  
  149  9:36  Zealot  
  149  9:38  Stalker x2  
  157  9:42  Immortal  
  157  9:43  Archon  
  163  9:46  Assimilator  
  163  9:48  Assimilator  
  161  9:57  High Templar x2  
  161  9:58  Zealot x2  
  165  10:04  Zealot x2  
  165  10:10  Zealot x2  
  165  10:13  Pylon  
  165  10:21  Immortal  
  165  10:22  Observer  
  165  10:26  Zealot x2  
  165  10:27  Zealot x2  
  168  10:32  Zealot x2  
  164  10:44  Observer  
  157  10:50  Oracle, Zealot  
  157  10:51  Zealot x4  
  159  10:58  Fleet Beacon  
  159  11:00  Immortal  
  159  11:04  Zealot x2  
  147  11:12  Zealot x3  
  147  11:14  Immortal  
  155  11:22  Probe (Chrono Boost)  
  155  11:23  Probe (Chrono Boost)  
  155  11:26  Zealot  
  155  11:27  Zealot x3  
  161  11:38  Pylon  
  161  11:39  Immortal  
  165  11:42  Zealot x3  
  171  11:52  Pylon x2  
  169  11:56  Zealot x2  
  169  11:57  Zealot x2  
  154  12:04  Zealot x2  
  154  12:05  Zealot  
  101  12:16  Zealot  
  101  12:17  Zealot x3  
  82  12:26  Zealot  
  82  12:27  Zealot x2  
  61  12:37  High Templar x2  
  61  12:38  High Templar x2  

Tags
 
Add a new tag
Caveats
  • Supply blocks, unpowered buildings, or Contaminate may cause inaccurate times.
  • Supply counts are checked every 10 seconds.